 Dungeon Crawl Stone Soup version 0.31.0-10-gcf4a605ca0 (webtiles) character file.

Game seed: 9032247325810414201

8796 Zeor the Cudgeller (level 11, -7/85 HPs)
             Began as an Armataur Warper on Jan 25, 2024.
             Was a Priest of Okawaru.
             Mangled by an orange demon (9 damage)
             ... led by Amaemon
             ... on level 1 of the Lair of Beasts.
             The game lasted 00:41:58 (10970 turns).

Zeor the Cudgeller (Armataur Warper)               Turns: 10970, Time: 00:41:58

Health: -7/85      AC: 15    Str: 20    XL:     11   Next: 14%
Magic:  13/21      EV: 11    Int: 18    God:    Okawaru [***...]
Gold:   384        SH:  0    Dex:  9    Spells: 8/24 levels left

rFire   + + +        a - +4 battleaxe
rCold   + . .        (shield currently unavailable)
rNeg    + . .        J - +1 leather armour of Osynec {Harm +Blink rC+ rN+}
rPois   .            r - +1 helmet "Wuic" {rF+++ Slay+2}
rElec   .            (no cloak)
rCorr   .            k - +1 pair of gloves of Death Resistance {Fly Str+3}
SInv    .            (no barding)
Will    .....        (no amulet)
Stlth   ++++         m - +4 ring of slaying
HPRegen 0.34/turn    q - +4 ring of protection
MPRegen 0.17/turn

%: harm (+30% outgoing, +20% incoming), roll
@: lethally poisoned (-7 -> -52), heroic, flying, slowed, very slow
A: large, deformed body, tough skin 3, armoured tail, roll 2
a: Renounce Religion, Evoke Blink, Heroism


You were on level 1 of the Lair of Beasts.
You worshipped Okawaru.
Okawaru was most pleased with you.
You visited 3 branches of the dungeon, and saw 12 of its levels.

You collected 608 gold pieces.
You spent 224 gold pieces at shops.

Inventory:

Hand Weapons
 a - a +4 battleaxe (weapon)
 j - a +2 whip of draining
 p - a +4 hand axe of freezing
 v - a +1 heavy hand axe
 H - a +4 scimitar of freezing
Missiles
 d - 7 darts of dispersal (quivered)
 g - 13 poisoned darts
 F - 4 atropa-tipped darts
Armour
 b - a +2 leather armour
 k - the +1 pair of gloves of Death Resistance (worn) {Fly Str+3}
   (You found it on level 3 of the Dungeon)

   Str+3:     It affects your strength (+3).
   Fly:       It grants you flight.
 r - the +1 helmet "Wuic" (worn) {rF+++ Slay+2}
   (You found it on level 4 of the Dungeon)

   Slay+2:    It affects your accuracy & damage with ranged weapons and melee
   (+2).
   rF+++:     It renders you almost immune to fire.
 J - the +1 leather armour of Osynec (worn) {Harm +Blink rC+ rN+}
   (You found it on level 7 of the Dungeon)

   rC+:       It protects you from cold.
   rN+:       It protects you from negative energy.
   +Blink:    It lets you blink.
   Harm:      It increases damage dealt and taken.
Magical Staves
 l - a staff of cold
Jewellery
 e - a ring of resist corrosion
 m - a +4 ring of slaying (left hand)
 q - a +4 ring of protection (right hand)
 K - a ring of magical power
Talismans
 y - a dragon-blood talisman
Wands
 w - a wand of paralysis (17)
 A - a wand of mindburst (17)
 C - a wand of flame (15)
Scrolls
 c - a scroll of blinking
 h - 5 scrolls of teleportation
 n - 2 scrolls of enchant armour
 s - a scroll of amnesia
 z - a scroll of fear
 B - a scroll of torment
 E - a scroll of poison
 G - 2 scrolls of identify
Potions
 f - 2 potions of mutation
 i - a potion of ambrosia
 o - 2 potions of magic
 t - a potion of enlightenment
 u - 2 potions of curing
 x - a potion of brilliance
 D - a potion of resistance
 I - a potion of heal wounds
 L - a potion of lignification


   Skills:
 + Level 4.8(9.8) Fighting
 - Level 3.0(8.0) Long Blades
 + Level 4.1(10.9) Axes
 + Level 7.2(12.8) Maces & Flails
 + Level 0.8(5.8) Throwing
 + Level 4.8(9.8) Armour
 + Level 3.8(8.8) Dodging
 + Level 4.3(9.3) Stealth
 * Level 7.2 Spellcasting
 * Level 7.1 Translocations
 * Level 3.9 Invocations


You had 8 spell levels left.
You knew the following spells:

 Your Spells              Type           Power      Damage    Failure   Level
a - Manifold Assault      Tloc           32%        N/A       6%          4
b - Blink                 Tloc           64%        N/A       1%          2
c - Vhi's Electric Charg  Tloc/Air       38%        N/A       26%         4
l - Lesser Beckoning      Tloc           64%        N/A       1%          2
t - Teleport Other        Tloc           32%        N/A       1%          3
A - Apportation           Tloc           64%        N/A       1%          1

Your spell library contained the following spells:

 Spells                   Type           Power      Damage    Failure   Level
 Necrotise                Necr           24%        1d5       12%         1
 Sting                    Conj/Alch      24%        1d4       12%         1
 Fugue of the Fallen      Necr           6%         N/A       34%         3
 Ozocubu's Armour         Ice            6%         N/A       34%         3
 Cause Fear               Hex            3%         N/A       75%         4
 Fireball                 Conj/Fire      3%         3d4       97%         5
 Summon Small Mammal      Summ           Unusable   N/A       N/A         1
 Dragon's Call            Summ           Unusable   N/A       N/A         9

Dungeon Overview and Level Annotations

Branches:
Dungeon (10/15)            Temple (1/1) D:5            Lair (1/5) D:9
    Orc: D:9-12

Altars:
Ashenzari
Cheibriados
Dithmenos
Elyvilon
Fedhas
Gozag
Hepliaklqana
Kikubaaqudgha
Makhleb
Nemelex Xobeh
Okawaru
Qazlal
Ru
Sif Muna
Trog
Uskayaw
Vehumet
Wu Jian
Xom
Yredelemnul
Zin
The Shining One

Shops:
D:10 *

Annotations:
D:7 3 runed translucent doors, turdburglar's ghost, novice TrFi
D:9 3 runed translucent doors, jkubb29's ghost, novice DsNe
Lair:1 Amaemon


Innate Abilities, Weirdness & Mutations

Armour fits poorly on your strangely shaped body.
You have extremely tough skin. (AC +3)
You have a long armoured tail.
You regenerate magic and health when rolling toward enemies. (Rampage Regen)


Message History

Amaemon closely misses you. Amaemon claws you but does no damage.
Amaemon completely misses you.
You gain the combat prowess of a mighty hero.
The scorpion stings you but does no damage.
The cane toad stings you.
You are poisoned.
You have difficulty breathing.
You feel yourself slow down. The orange demon barely misses you.
Amaemon misses you. Amaemon barely misses you.
Amaemon tail-slaps you but does no damage.
The scorpion stings you but does no damage.
You hit Amaemon but do no damage. You hit the scorpion.
You slash the cane toad!
You feel extremely sick. The cane toad stings you!
You are lethally poisoned!
You have difficulty breathing.
You feel as though you will be slow longer.
The scorpion closely misses you. The cane toad completely misses you.
Amaemon misses you. Amaemon claws you but does no damage.
Amaemon tail-slaps you but does no damage.
The orange demon stings you but does no damage.
The scorpion stings you.
The cane toad stings you but does no damage.
Unknown command.
You feel better.
Amaemon hits you with a -2 demon whip of venom!
You are poisoned.
Amaemon claws you!
* * * LOW HITPOINT WARNING * * *
Amaemon closely misses you. The orange demon stings you from afar.
* * * LOW HITPOINT WARNING * * *
The scorpion closely misses you. The cane toad stings you!
* * * LOW HITPOINT WARNING * * *
You are more poisoned.
You have difficulty breathing.
* * * LOW HITPOINT WARNING * * *
You feel as though you will be slow longer.
The orange demon stings you from afar!
You die... ∙∙▒▒ ∙∙∙∙▒▒ ∙∙∙∙∙∙

∙∙∙∙∙∙▒
∙∙∙)∙∙∙▒▒
∙∙∙∙∙∙∙∙▒▒▒
∙∙∙∙∙∙Fs∙P▒
∙∙∙∙∙46H∙∙▒
∙∙∙∙∙∙∙∙<∙▒
∙∙∙∙∙∙∙∙∙∙▒
∙∙∙P▒∙▒▒▒▒▒
▒▒∙ ▒▒ ▒


You could see Amaemon, an orange demon, a cane toad (curare) and a scorpion
(summoned).

Vanquished Creatures
  A boulder beetle (D:7)
  2 two-headed ogres (D:9)
  A gargoyle (D:8)
  A tengu conjurer (D:7)
  A troll (D:7)
  A hornet (D:7)
  2 slime creatures (D:7)
  5 yaks (D:9)
  Eustachio (D:4)
  A wyvern (D:10)
  A wraith (D:9)
  2 humans (D:7)
  Menkaure (D:4)
  An acid dragon (D:7)
  3 water moccasins
  3 ice beasts
  2 orc warriors
  3 black bears
  3 ogres
  A centaur (D:7)
  A phantom (D:5)
  A bullfrog (D:6)
  2 gnoll sergeants
  3 scorpions
  19 wights
  2 howler monkeys
  3 hounds
  2 bombardier beetles
  3 orc priests
  6 gnoll boudas
  2 jellies
  A sleepcap (D:6)
  6 orc wizards
  5 iguanas
  9 adders
  26 gnolls
  2 shadow imps (D:7)
  3 white imps
  2 ufetubi (D:6)
  4 dart slugs
  A ribbon worm (D:2)
  21 orcs
  7 endoplasms
  6 giant cockroaches
  7 goblins
  7 hobgoblins
  5 quokkas
  12 ball pythons
  3 bats
  7 frilled lizards
  8 kobolds
  4 rats
226 creatures vanquished.

Notes
Turn   | Place    | Note
-------+----------+-------------------------------------------
     0 | D:1      | Zeor the Armataur Warper began the quest for the Orb.
     0 | D:1      | Reached XP level 1. HP: 17/17 MP: 3/3
   265 | D:1      | Reached XP level 2. HP: 18/24 MP: 5/5
   293 | D:1      | Learned a level 2 spell: Blink
   296 | D:1      | Learned a level 2 spell: Lesser Beckoning
   793 | D:1      | Reached XP level 3. HP: 25/29 MP: 6/6
  1139 | D:2      | Upgraded the game from 0.31.0-9-g3a7656b989 to
                  | 0.31.0-10-gcf4a605ca0
  1678 | D:2      | Reached XP level 4. HP: 30/36 MP: 7/7
  2087 | D:3      | Reached skill level 1 in Stealth
  2087 | D:3      | Reached XP level 5. HP: 9/41 MP: 8/8
  2362 | D:3      | Identified the +1 pair of gloves of Death Resistance {Fly
                  | Str+3}
  2383 | D:3      | Found a broken altar of Ashenzari.
  2680 | D:3      | Found a snail-covered altar of Cheibriados.
  2686 | D:3      | Reached skill level 1 in Maces & Flails
  2832 | D:3      | Found a faded altar of an unknown god.
  3036 | D:4      | Noticed Menkaure
  3043 | D:4      | Killed Menkaure
  3044 | D:4      | Reached XP level 6. HP: 44/48 MP: 10/10
  3066 | D:4      | Noticed an ice beast
  3109 | D:4      | Killed an ice beast
  3279 | D:4      | Gained mutation: You regenerate magic and health when
                  | rolling toward enemies. (Rampage Regen) [Armataur growth]
  3279 | D:4      | Reached XP level 7. HP: 56/56 MP: 11/11
  3298 | D:4      | Noticed Eustachio
  3309 | D:4      | Killed Eustachio
  3581 | D:4      | Identified the +1 helmet "Wuic" {rF+++ Slay+2}
  3783 | D:5      | Entered Level 5 of the Dungeon
  4008 | D:5      | Reached skill level 5 in Maces & Flails
  4008 | D:5      | Reached XP level 8. HP: 56/63 MP: 13/13
  4173 | D:5      | Found a shadowy altar of Dithmenos.
  4173 | D:5      | Found a glowing golden altar of the Shining One.
  4277 | D:5      | Found a staircase to the Ecumenical Temple.
  4282 | Temple   | Entered the Ecumenical Temple
  4287 | Temple   | Learned a level 3 spell: Teleport Other
  4292 | Temple   | Learned a level 4 spell: Manifold Assault
  4526 | D:6      | Learned a level 4 spell: Vhi's Electric Charge
  4780 | D:6      | Reached XP level 9. HP: 59/70 MP: 15/15
  5444 | D:7      | Found an iron altar of Okawaru.
  5472 | D:7      | Became a worshipper of Warmaster Okawaru
  5527 | D:7      | Reached skill level 5 in Spellcasting
  5549 | D:7      | Reached skill level 5 in Translocations
  5718 | D:7      | Found a runed translucent gate.
  5724 | D:7      | Noticed a centaur warrior
  5724 | D:7      | Noticed turdburglar's ghost (novice TrFi)
  5821 | D:7      | Noticed a tengu conjurer
  5835 | D:7      | Noticed a troll
  5891 | D:7      | Found a transporter.
  5908 | D:7      | Found a transporter.
  6086 | D:7      | Found a runed translucent gate.
  6086 | D:7      | Found a runed translucent gate.
  6099 | D:7      | Reached * piety under Okawaru
  7073 | D:8      | Reached skill level 1 in Invocations
  7146 | D:8      | Noticed a gargoyle
  7305 | D:8      | Killed a gargoyle
  7306 | D:8      | Reached XP level 10. HP: 13/79 MP: 13/19
  7642 | D:9      | Found a staircase to the Lair.
  7823 | D:9      | Reached ** piety under Okawaru
  7824 | D:9      | Reached skill level 1 in Axes
  7996 | D:9      | Noticed a two-headed ogre
  8004 | D:9      | Killed a two-headed ogre
  8156 | D:7      | Noticed a boulder beetle
  8400 | D:9      | Found a runed translucent gate.
  8400 | D:9      | Found a runed translucent gate.
  8401 | D:9      | Found a runed translucent gate.
  8404 | D:9      | Noticed jkubb29's ghost (novice DsNe)
  8470 | D:9      | Found a white marble altar of Elyvilon.
  8605 | D:9      | Noticed a two-headed ogre
  8614 | D:9      | Killed a two-headed ogre
  8763 | D:9      | Found a basalt altar of Yredelemnul.
  9033 | D:10     | Entered Level 10 of the Dungeon
  9079 | D:10     | Found Moghaen's Assorted Antiques.
  9085 | D:10     | Reached *** piety under Okawaru
  9097 | D:10     | Bought a scroll labelled HUH MEJATOTOUG for 32 gold pieces
  9098 | D:10     | Bought a glowing hand axe for 192 gold pieces
  9194 | D:10     | HP: 3/80 [orc priest/divine providence (17)]
  9477 | D:10     | Found a hazy altar of Hepliaklqana.
  9478 | D:10     | Found a hide-covered altar of Uskayaw.
  9837 | D:10     | Learned a level 1 spell: Apportation
 10127 | D:10     | Found a shimmering altar of Xom.
 10452 | Lair:1   | Entered Level 1 of the Lair of Beasts
 10452 | Lair:1   | Noticed Amaemon
 10453 | Lair:1   | Noticed an orange demon
 10503 | D:7      | Killed a boulder beetle
 10550 | D:7      | Reached XP level 11. HP: 57/84 MP: 21/21
 10597 | D:7      | Reached **** piety under Okawaru
 10842 | D:7      | Identified the +1 leather armour of Osynec {Harm +Blink rC+
                  | rN+}
 10970 | Lair:1   | HP: 2/85 [asphyx]
 10970 | Lair:1   | Mangled by an orange demon

Illustrated notes

Levels and vault maps discovered:
D:1:      shiori_arrival_maze, layout_basic
D:2:      kennysheep_six_static_rooms, layout_rooms, serial_glass,
          glass_columns_b, glass_columns_a, glass_columns_b, item_on_display_a,
          dk_noncrumbling_3, minmay_cupped
D:3:      layout_basic, slow_altar_2, evilmike_ruin_ashenzari,
          shapermc_ecumenical_altar_mp_highgroup, serial_park_tiny_pond
D:4:      layout_rooms, uniq_eustachio, uniq_menkaure
D:5:      layout_cave_pools, jmf_multi_god_temple, temple_doors_cd
D:6:      layout_basic
D:7:      gammafunk_the_bubble [the_bubble_gammafunk_grid], layout_basic,
          okawaru_humans, gammafunk_ghost_split
D:8:      layout_gridville, minmay_small_thing
D:9:      layout_long_grid, general_overflow_altar,
          mainiacjoe_overflow_alcove_2, lair_entry_dummy,
          gammafunk_ghost_spectres
D:10:     layout_loops_corners, nicolae_overflow_two_pavilions,
          lemuel_crystal_altar, serial_shops, shop_statue
Temple:   hellmonk_temple_flake
Lair:1:   layout_cave_pods, chequers_serial_rivers_marsh, uniq_amaemon,
          uniq_nergalle

Skill      XL: |  1  2  3  4  5  6  7  8  9 10 11 |
---------------+----------------------------------+-----
Long Blades    | 2 3 |  3.0
Spellcasting   | 2 3 4 6 7 |  7.2
Armour         | 2 3 4 |  4.8
Fighting       | 2 3 4 |  4.8
Stealth        | 1 2 3 4 |  4.3
Dodging        | 2 3 |  3.8
Maces & Flails | 2 3 5 6 7 |  7.2
Translocations | 4 5 6 7 |  7.1
Invocations    | 1 3 |  3.9
Axes           | 3 4 |  4.1
Throwing       | |  0.8

Action                     |  1- 3 |  4- 6 |  7- 9 | 10-12 || total
---------------------------+-------+-------+-------+-------++-------
  Melee: Falchion          |   208 |     4 |       |       ||   212
         Tailslap          |    14 |    11 |    40 |    24 ||    89
         Punch             |     2 |     3 |     5 |     2 ||    12
         Whip              |       |    89 |   296 |       ||   385
         Flail             |       |       |     9 |       ||     9
         Hand axe          |       |       |     8 |   156 ||   164
         Battleaxe         |       |       |       |    56 ||    56
   Cast: Blink             |     1 |     2 |     6 |     2 ||    11
         Lesser Beckoning  |       |       |     3 |       ||     3
         Teleport Other    |       |       |     5 |       ||     5
         Manifold Assault  |       |       |    12 |    22 ||    34
 Invoke: Heroism           |       |       |       |     5 ||     5
  Evoke: Wand              |       |       |     1 |       ||     1
    Use: Scroll            |     8 |     4 |     9 |     6 ||    27
         Potion            |       |     3 |     3 |     2 ||     8
   Stab: Sleeping          |       |     3 |     3 |     3 ||     9
         Distracted        |       |       |       |     1 ||     1
 Armour: Leather armour    |   146 |    56 |   208 |   191 ||   601
  Dodge: Dodged            |   120 |    39 |   111 |   102 ||   372
